 Dungeon Crawl Stone Soup version 0.22.1-2-g9c5b331383 (webtiles) character file.

23 Ihlosi the Ducker (level 3, 0/22 HPs)
             Began as a Kobold Gladiator on Dec 10, 2018.
             Slain by an adder (2 damage)
             ... on level 2 of the Dungeon.
             The game lasted 00:01:36 (769 turns).

Ihlosi the Ducker (Kobold Gladiator)                 Turns: 769, Time: 00:01:37

Health: 0/22       AC:  5    Str: 11    XL:     3   Next: 12%
Magic:  3/3        EV: 24    Int:  9    God:
Gold:   27         SH:  0    Dex: 24    Spells: 2/2 levels left

rFire    . . .     SeeInvis .   a - +0 long sword
rCold    . . .     Gourm    .   (shield restricted)
rNeg     . . .     Faith    .   b - +0 leather armour
rPois    .         Spirit   .   c - +0 helmet
rElec    .         Reflect  .   l - +0 cloak (curse)
rCorr    .         Harm     .   (no gloves)
MR       .....                  (no boots)
Stlth    ++++......             (no amulet)
HPRegen  0.07/turn              (no ring)
MPRegen  0.08/turn              (no ring)

@: agile, lethally poisoned (0 -> -5)
A: small, repulsion field 1, thin skeletal structure 1, carnivore
a: no special abilities


You were on level 2 of the Dungeon.
You were not hungry.

You visited 1 branch of the dungeon, and saw 2 of its levels.

You collected 27 gold pieces.

Inventory:

Hand Weapons
 a - a +0 long sword (weapon)
Missiles
 d - 3 throwing nets (quivered)
Armour
 b - a +0 leather armour (worn)
 c - a +0 helmet (worn)
 l - a cursed +0 cloak (worn)
Scrolls
 e - 2 scrolls of magic mapping {unknown}
 i - 2 scrolls of identify {unknown}
 n - a scroll of fear {unknown}
 q - a scroll of enchant weapon {unknown}
Potions
 g - a potion of mutation
 h - a potion of curing {unknown}
 j - 2 potions of agility
 k - a potion of haste {unknown}
 m - a potion of flight {unknown}
 o - a potion of heal wounds {unknown}
 p - a potion of might {unknown}
Comestibles
 f - 3 rations


   Skills:
 * Level 2.4 Fighting
 + Level 2.6 Long Blades
 - Level 2.1 Throwing
 * Level 0.4 Armour
 * Level 4.1 Dodging
 * Level 1.2 Stealth


You had 2 spell levels left.
You didn't know any spells.
Your spell library was empty.

Dungeon Overview and Level Annotations

Branches:
Dungeon (2/15)

Altars:


Innate Abilities, Weirdness & Mutations

You are small and have problems with some larger weapons.
You are carnivorous and can eat meat at any time.
You are surrounded by a mild repulsion field. (EV +2)
You have a somewhat thin skeletal structure. (Dex +2, Stealth)


Message History

The adder barely misses you. The goblin misses you.
The dart slug launches a dart at you. The slug dart hits you!
* * * LOW HITPOINT WARNING * * *
The jackal barely misses you. The adder misses you.
The jackal closely misses you. The adder bites you.
* * * LOW HITPOINT WARNING * * *
You are lethally poisoned!
The adder poisons you!
It was a potion of mutation.
You feel extremely strange.
Your bones become slightly less dense.
You feel agile.
You feel clumsy.
You begin to radiate repulsive energy.
* * * LOW HITPOINT WARNING * * *
You feel sick. The adder closely misses you.
It was a potion of agility.
You feel agile all of a sudden. The goblin completely misses you.
The adder bites you.
You die...

.... #.########
....###....#.(?## .#
.....#........((##.#
.?........÷...<..#.#
............÷.)....###
##...........<......
...#.............##..
##.....#.....## .
##..#....g@## #
##..#..hS## .#.
#........###....
..##.............
..................
..................
............#....
.................
.................


You could see an adder, a jackal and a goblin.

Vanquished Creatures
  An adder (D:1)
  3 bats
  2 goblins
  3 hobgoblins (D:1)
  3 kobolds
  A ball python (D:1)
  A frilled lizard (D:1)
14 creatures vanquished.

Notes
Turn   | Place    | Note
-------+----------+-------------------------------------------
     0 | D:1      | Ihlosi the Kobold Gladiator began the quest for the Orb.
     0 | D:1      | Reached XP level 1. HP: 12/12 MP: 1/1
   238 | D:1      | Reached XP level 2. HP: 16/17 MP: 2/2
   536 | D:1      | Reached skill level 1 in Stealth
   591 | D:2      | Reached skill level 4 in Dodging
   599 | D:1      | Reached XP level 3. HP: 18/22 MP: 3/3
   768 | D:2      | Gained mutation: You have a somewhat thin skeletal
                  | structure. (Dex +2, Stealth) [potion of mutation]
   768 | D:2      | Gained mutation: You are agile. (Dex +2) [potion of
                  | mutation]
   768 | D:2      | Lost mutation: You are agile. (Dex +2) [potion of mutation]
   768 | D:2      | Gained mutation: You are surrounded by a mild repulsion
                  | field. (EV +2) [potion of mutation]
   769 | D:2      | Slain by an adder

Skill      XL: |  1  2 |
---------------+-------+-----
Stealth        | 1 |  1.2
Dodging        | 4 |  4.1
Fighting       | |  2.4
Long Blades    | |  2.6
Throwing       | |  2.1
Armour         | |  0.4

Action                   || total
-------------------------++-------
Melee: Long sword        ||    28
  Use: Potion            ||     2
  Eat: Chunk             ||     3
Armor: Leather armour    ||     6
Dodge: Dodged            ||    45
       Rpst.: Long sword ||    12
